 Dungeon Crawl Stone Soup version 0.30-b1-2-g02819fbbbe (webtiles) character file.

Game seed: 13021590961181754375

140245 timruff4 the Severer (level 16, -4/147 HPs)
             Began as a Minotaur Fighter on Nov 26, 2023.
             Was an Elder of Makhleb.
             Slain by a +0 lajatang of electrocution (15 damage)
             ... on level 2 of the Elven Halls.
             The game lasted 01:44:39 (24409 turns).

timruff4 the Severer (Minotaur Fighter)            Turns: 24409, Time: 01:44:40

Health: -4/147     AC: 29    Str: 21    XL:     16   Next: 75%
Magic:  23/23      EV: 19    Int:  7    God:    Makhleb [****..]
Gold:   2234       SH: 20    Dex: 24    Spells: 15/15 levels left

rFire   + . .        S - +7 war axe "No More Talking" {vamp, rPois rF+ rN+ Int+2}
rCold   + . .        M - +0 kite shield
rNeg    + . .        H - +5 plate armour
rPois   +            b - +2 hat
rElec   .            Q - +0 cloak of Beogh's Generosity {Rampage rC+}
rCorr   .            P - +2 pair of gloves
SInv    .            (no boots)
Will    +....        B - amulet of reflection Stlth
                     l - +5 ring of evasion
HPRegen 0.44/turn    C - +6 ring of dexterity
MPRegen 0.18/turn

%: reflection, rampage
@: about to teleport
A: horns 2, retaliatory headbutt
a: Renounce Religion, Minor Destruction, Lesser Servant of Makhleb, Major
Destruction


You were on level 2 of the Elven Halls.
You worshipped Makhleb.
Makhleb was greatly pleased with you.
You visited 5 branches of the dungeon, and saw 24 of its levels.

You collected 2234 gold pieces.

Inventory:

Hand Weapons
 m - the +7 broad axe of Instinct {freeze, rC+ Int+2}
   (You acquired it on level 7 of the Dungeon)

   Int:       It affects your intelligence (+2).
   rC:        It protects you from cold.
 S - the +7 war axe "No More Talking" (weapon) {vamp, rPois rF+ rN+ Int+2}
   (You found it on level 2 of the Lair of Beasts)

   Int:       It affects your intelligence (+2).
   rF:        It protects you from fire.
   rPois:     It protects you from poison.
   rN:        It protects you from negative energy.
Missiles
 w - 4 throwing nets (quivered)
Armour
 b - a +2 hat (worn)
 H - a +5 plate armour (worn)
 M - a +0 kite shield (worn)
 P - a +2 pair of gloves (worn)
 Q - the +0 cloak of Beogh's Generosity (worn) {Rampage rC+}
   (You found it on level 2 of the Elven Halls)

   rC:        It protects you from cold.
   Rampage:   It bestows one free step when moving towards enemies.
Jewellery
 c - a ring of ice
 l - a +5 ring of evasion (left hand)
 B - an amulet of reflection (around neck)
 C - a +6 ring of dexterity (right hand)
 G - a ring of willpower
 O - a ring of flight
 R - a +6 ring of intelligence
 T - a +5 ring of evasion
Wands
 o - a wand of roots (21)
 q - a wand of digging (19)
 A - a wand of flame (60)
 N - a wand of paralysis (11)
Scrolls
 a - a scroll of silence
 i - a scroll of immolation
 k - 4 scrolls of teleportation
 n - 2 scrolls of magic mapping
 p - 8 scrolls of enchant weapon
 r - 3 scrolls of fear
 s - a scroll of poison
 u - a scroll of summoning
 y - 2 scrolls of noise
 F - 10 scrolls of identify
 I - 2 scrolls of amnesia
 K - a scroll of fog
 L - a scroll of vulnerability
Potions
 d - 2 potions of might
 e - 4 potions of magic
 f - 8 potions of curing
 h - 6 potions of attraction
 j - 4 potions of cancellation
 t - 2 potions of ambrosia
 v - 3 potions of lignification
 x - 3 potions of resistance
 z - 3 potions of degeneration
 D - 4 potions of brilliance
 E - 3 potions of mutation
 J - 5 potions of haste


   Skills:
 + Level 14.8 Fighting
 * Level 19.9 Axes
 + Level 14.8 Armour
 + Level 12.1 Dodging
 + Level 14.7 Shields
 + Level 11.5 Invocations


You had 15 spell levels left.
You didn't know any spells.
Your spell library contained the following spells:

 Spells                   Type           Power      Damage    Failure   Level
 Beastly Appendage        Tmut           0%         N/A       100%        1
 Magic Dart               Conj           0%         1d3       100%        1
 Summon Small Mammal      Summ           0%         N/A       100%        1
 Call Imp                 Summ           0%         N/A       100%        2
 Cigotuvi's Dreadful Rot  Necr/Pois/Air  0%         N/A       100%        2
 Static Discharge         Conj/Air       0%         2-2/arc   100%        2
 Sublimation of Blood     Necr           0%         N/A       100%        2
 Ignite Poison            Fire/Tmut/Pois 0%         N/A       100%        3
 Mephitic Cloud           Conj/Pois/Air  0%         N/A       100%        3
 Ozocubu's Armour         Ice            0%         N/A       100%        3
 Summon Guardian Golem    Hex/Summ       0%         N/A       100%        3
 Tukima's Dance           Hex            0%         N/A       100%        3
 Vhi's Electric Charge    Tloc/Air       0%         N/A       100%        3
 Dispel Undead            Necr           0%         3d6       100%        4
 Passage of Golubria      Tloc           0%         N/A       100%        4
 Petrify                  Tmut/Erth      0%         N/A       100%        4
 Arcjolt                  Conj/Air       0%         1d10      100%        5
 Freezing Cloud           Conj/Ice/Air   0%         6-21      100%        5
 Irradiate                Conj/Tmut      0%         3d11      100%        5
 Metabolic Englaciation   Hex/Ice        0%         N/A       100%        5
 Yara's Violent Unravell  Hex/Tmut       0%         3d3       100%        5
 Death Channel            Necr           0%         N/A       100%        6
 Plasma Beam              Fire/Air       0%         2x1d11    100%        6
 Simulacrum               Ice/Necr       0%         N/A       100%        6
 Orb of Destruction       Conj           0%         9d5       100%        7
 Spellforged Servitor     Conj/Summ      0%         N/A       100%        7


Dungeon Overview and Level Annotations

Branches:
Dungeon (14/15)            Temple (1/1) D:4            Lair (5/5) D:10
 Shoals (0/4) Lair:3        Snake (0/4) Lair:2        Slime (0/5) Lair:5
    Orc (2/2) D:9             Elf (2/3) Orc:2        Vaults (0/5) D:14

Altars:
Ashenzari
Cheibriados
Dithmenos
Elyvilon
Fedhas
Gozag
Hepliaklqana
Kikubaaqudgha
Makhleb
Nemelex Xobeh
Okawaru
Qazlal
Ru
Sif Muna
Trog
Uskayaw
Vehumet
Wu Jian
Xom
Yredelemnul
Zin
The Shining One

Shops:
D:4 :   Orc:2 *[:(*?

Annotations:
Lair:5 exclusion: obsidian statue
Orc:1 1 transporter, Rygut's ghost, journeyman DrFi


Innate Abilities, Weirdness & Mutations

You have a pair of horns on your head.
You reflexively headbutt those who attack you in melee.


Message History

You feel a bit more experienced.
The +0 lajatang of electrocution hits you!
A demon appears!
The +0 lajatang of electrocution completely misses you.
You furiously retaliate!
You headbutt the +0 lajatang of electrocution!
The +1 halberd of flaming hits you from afar!
The +1 halberd of flaming burns you.
Unknown command.
You block the +0 lajatang of electrocution's attack.
Your ynoxinul hits the +0 lajatang of electrocution.
The +0 lajatang of electrocution hits you but does no damage.
You are electrocuted!!
* * * LOW HITPOINT WARNING * * *
Your ynoxinul closely misses the +0 lajatang of electrocution.
Unknown command.
The +0 lajatang of electrocution attacks as you move away!
You block the +0 lajatang of electrocution's attack.
The +1 halberd of flaming hits your ynoxinul!!
The +1 halberd of flaming burns your ynoxinul!
Your ynoxinul dies!
Your ynoxinul disappears in a puff of smoke!
The +0 lajatang of electrocution completely misses you.
You furiously retaliate!
You headbutt the +0 lajatang of electrocution!
You hear a shout!
As you read the scroll of teleportation, it crumbles to dust.
You feel strangely unstable.
You block the +0 lajatang of electrocution's attack.
The +1 halberd of flaming completely misses you.
Unknown command.
Okay, then.
Okay, then.
As you read the scroll of fog, it crumbles to dust.
The scroll dissolves into smoke.
The +0 lajatang of electrocution hits you!!
* * * LOW HITPOINT WARNING * * *
The +1 halberd of flaming hits you but does no damage.
The +0 lajatang of electrocution hits you!
You die...

e.....## #.........##..)....#.#
.......## #............<###.#..#
..e2....## ######........# #...##
.........# ##.....#.# #.....
.........##########...##.# #.###.
.....(e.⌠#..)e..e#######.# #.# #.
.........##.####(# #.###.###.
.........#..# #(# #.##......
#.......)#(.# #@# ##.##......
##..⌠.......# #§# ##...#......
#######.{..# #§#####...........
#.).......## #.................
###)##.....# #.##......##......
.......##### #...##....##.[....
###.#..#########.#...#...##......
#.#............#...#..+##......
###.#.#.###.....###...#...####...


You could see 2 dancing weapons.

Vanquished Creatures
  A deep elf sorcerer (Elf:1)
  An orc warlord (Orc:2)
  5 dire elephants
  A deep elf death mage (Elf:1)
  2 hydras
  2 boulder beetles
  3 centaur warriors
  5 two-headed ogres
  16 dancing weapons
  5 death yaks
  A spectral dire elephant (Lair:5)
  3 orc high priests (Orc:2)
  9 deep elf knights
  A skeletal warrior (D:14)
  A spectral death yak (Lair:5)
  9 deep elf archers
  2 necromancers (Lair:5)
  20 deep elf pyromancers
  4 orc knights
  21 deep elf zephyrmancers
  4 cyclopes
  11 ugly things
  4 orc sorcerers (Orc:2)
  A manticore (D:11)
  A dire elephant zombie (Lair:5)
  A black mamba (Lair:2)
  31 elephants
  2 gargoyles
  12 cane toads
  A cane toad (shapeshifter) (Elf:2)
  2 centaur skeletons (D:14)
  A rime drake (shapeshifter) (D:14)
  A rime drake (Lair:1)
  12 komodo dragons
  3 yaktaurs (D:14)
  2 freezing wraiths (D:14)
  3 polar bears (Lair:5)
  5 trolls
  2 meliai (D:14)
  2 harpy skeletons (D:14)
  2 hornets
  7 dream sheep (Lair:5)
  A blink frog (Lair:5)
  47 yaks
  A slime creature (Lair:5)
  A water elemental (Elf:2)
  2 air elementals (Elf:1)
  2 fire elementals (Elf:2)
  6 wraiths
  Eustachio (D:4)
  5 wyverns
  2 vampires
  3 basilisks
  A steam dragon (D:8)
  4 vampire mosquitoes (D:11)
  Menkaure (D:4)
  3 spectral cane toads (Lair:5)
  3 nagas (Lair:2)
  15 water moccasins
  26 orc warriors
  A swamp drake (Orc:1)
  5 ice beasts
  A black bear (Lair:1)
  2 elephant zombies (Lair:5)
  A sky beast (D:7)
  9 ogres
  17 wolves
  A centaur (shapeshifter) (D:14)
  16 centaurs
  2 elephant skeletons (Lair:5)
  2 phantoms
  2 kobold brigands
  11 bullfrogs
  An earth elemental (Elf:1)
  2 gnoll sergeants
  A cane toad simulacrum (Lair:5)
  7 scorpions
  7 wights
  10 killer bees
  An elephant simulacrum (Lair:5)
  5 howler monkeys
  2 electric eels
  A crimson imp (Orc:1)
  A lava snake (D:12)
  16 orc priests
  2 gnoll boudas
  A hound (D:5)
  7 jellies
  An iron imp (Orc:1)
  Jessica (D:2)
  6 iguanas
  27 orc wizards
  2 sleepcaps (D:8)
  14 hell rats (Lair:5)
  15 gnolls
  9 adders
  3 river rats (D:6)
  A shadow imp (D:6)
  5 white imps
  8 worms
  5 dart slugs
  63 orcs
  4 bats
  8 endoplasms
  2 giant cockroaches
  12 goblins
  14 hobgoblins
  2 jackals (D:2)
  7 quokkas
  9 ball pythons
  7 frilled lizards
  19 kobolds
  9 rats
733 creatures vanquished.

Vanquished Creatures (collateral kills)
  Rupert (Orc:2)
  A deep elf sorcerer (Elf:2)
  An orc warlord (Orc:2)
  A dire elephant (Lair:4)
  2 hydras
  A death knight (D:14)
  An ogre mage (D:14)
  6 dancing weapons (Elf:2)
  A two-headed ogre (D:14)
  2 death yaks (Lair:5)
  An orc high priest (Orc:2)
  2 deep elf knights (Elf:2)
  A spectral anaconda (Lair:5)
  A deep elf archer (Elf:1)
  A necromancer (Lair:5)
  4 deep elf zephyrmancers
  An orc knight (Orc:1)
  2 deep elf pyromancers
  A cyclops (Orc:2)
  8 elephants
  2 black mambas (Lair:5)
  2 cane toads (Lair:5)
  A komodo dragon (Lair:5)
  2 trolls
  4 blink frogs (Lair:5)
  A basilisk (Lair:5)
  3 water moccasins
  15 orc warriors
  An ogre (Orc:2)
  2 wolves (Lair:4)
  A jelly (Lair:5)
  An electric eel (Lair:5)
  4 orc priests
  13 orc wizards
  A shadow imp (Orc:1)
  20 orcs
112 creatures vanquished.

Vanquished Creatures (others)
  3 deep elf pyromancers
  An orc wizard (Orc:2)
  66 fungi
  61 plants
  22 withered plants (Lair:5)
153 creatures vanquished.

Grand Total: 998 creatures vanquished

Notes
Turn   | Place    | Note
-------+----------+-------------------------------------------
     0 | D:1      | timruff4 the Minotaur Fighter began the quest for the Orb.
     0 | D:1      | Reached XP level 1. HP: 19/19 MP: 0/0
   144 | D:1      | Reached XP level 2. HP: 27/27 MP: 1/1
   224 | D:1      | Reached skill level 3 in Axes
   540 | D:1      | Reached XP level 3. HP: 30/33 MP: 2/2
  1018 | D:2      | Noticed Jessica
  1026 | D:2      | Killed Jessica
  1027 | D:2      | Reached skill level 4 in Axes
  1027 | D:2      | Reached XP level 4. HP: 27/40 MP: 3/3
  1766 | D:3      | Noticed a phantom
  1781 | D:3      | Killed a phantom
  1782 | D:3      | Reached XP level 5. HP: 42/47 MP: 4/4
  1922 | D:3      | Reached skill level 5 in Axes
  2325 | D:4      | Noticed a phantom
  2335 | D:4      | Killed a phantom
  2336 | D:4      | Reached XP level 6. HP: 47/55 MP: 5/5
  2407 | D:4      | Noticed Eustachio
  2418 | D:4      | Reached skill level 5 in Shields
  2444 | D:4      | Killed Eustachio
  2445 | D:4      | Reached skill level 5 in Fighting
  2445 | D:4      | Reached skill level 5 in Armour
  2552 | D:4      | Reached skill level 6 in Axes
  2552 | D:4      | Reached XP level 7. HP: 57/61 MP: 6/6
  2767 | D:4      | Found a staircase to the Ecumenical Temple.
  2776 | Temple   | Entered the Ecumenical Temple
  3175 | Temple   | Became a worshipper of Makhleb the Destroyer
  3212 | D:4      | Got Sif Muna's Folio of Virulent Vicissitude
  3234 | D:4      | Found Yhoirphaa's Book Shoppe.
  3284 | D:4      | Noticed Menkaure
  3290 | D:4      | Killed Menkaure
  3549 | D:5      | Entered Level 5 of the Dungeon
  3577 | D:5      | Reached skill level 7 in Axes
  3742 | D:5      | Reached skill level 1 in Invocations
  3742 | D:5      | Reached XP level 8. HP: 70/70 MP: 7/7
  3985 | D:5      | Reached skill level 8 in Axes
  4629 | D:6      | Identified 2 scrolls of acquirement
  4629 | D:6      | Acquired an amulet of reflection
  4641 | D:6      | Reached * piety under Makhleb
  4898 | D:6      | Reached XP level 9. HP: 65/79 MP: 10/10
  4950 | D:6      | Reached skill level 9 in Axes
  5088 | D:6      | Found an iron altar of Okawaru.
  5281 | D:6      | Reached ** piety under Makhleb
  5448 | D:7      | Acquired the +7 broad axe of Instinct {freeze, rC+ Int+2}
  5632 | D:7      | Reached skill level 1 in Dodging
  5897 | D:7      | Found a hazy altar of Hepliaklqana.
  5956 | D:7      | Found an opulent altar of Gozag.
  6055 | D:7      | Reached skill level 10 in Axes
  6081 | D:7      | Found a shimmering altar of Xom.
  6363 | D:7      | Found a blossoming altar of Fedhas.
  6364 | D:7      | Found a broken altar of Ashenzari.
  6771 | D:8      | Reached XP level 10. HP: 85/88 MP: 12/12
  7104 | D:9      | Reached *** piety under Makhleb
  7303 | D:9      | Found a staircase to the Orcish Mines.
  7365 | D:9      | Reached skill level 11 in Axes
  7518 | D:9      | Reached skill level 5 in Invocations
  7665 | D:9      | Found a bloodstained altar of Trog.
  7762 | D:9      | Reached **** piety under Makhleb
  7910 | D:10     | Entered Level 10 of the Dungeon
  7910 | D:10     | Noticed a two-headed ogre
  7920 | D:10     | Killed a two-headed ogre
  8023 | D:10     | Reached XP level 11. HP: 97/97 MP: 14/14
  8033 | D:10     | Reached skill level 12 in Axes
  8066 | D:10     | Reached skill level 5 in Dodging
  8115 | D:10     | Noticed a two-headed ogre
  8123 | D:10     | Killed a two-headed ogre
  8424 | D:10     | Found a staircase to the Lair.
  8910 | D:11     | Reached ***** piety under Makhleb
  9088 | D:11     | Noticed a boulder beetle
  9109 | D:11     | Killed a boulder beetle
  9703 | D:12     | Reached skill level 13 in Axes
  9886 | D:12     | Found a hide-covered altar of Uskayaw.
  9976 | D:12     | Reached skill level 10 in Armour
 10025 | D:12     | Reached skill level 10 in Fighting
 10078 | D:12     | Noticed a two-headed ogre
 10088 | D:12     | Killed a two-headed ogre
 10089 | D:12     | Reached skill level 10 in Shields
 10772 | D:13     | Noticed a deep elf pyromancer
 10780 | D:13     | Killed a deep elf pyromancer
 10781 | D:13     | Reached XP level 12. HP: 98/106 MP: 16/16
 10811 | D:13     | Noticed a centaur warrior
 10831 | D:13     | Killed a centaur warrior
 11283 | D:13     | Noticed a five-headed hydra
 11286 | D:13     | Killed a five-headed hydra
 11562 | D:13     | Found a broken altar of Ashenzari.
 11588 | D:13     | Noticed a two-headed ogre
 11595 | D:13     | Killed a two-headed ogre
 11832 | D:14     | Noticed a centaur warrior
 11843 | D:14     | Killed a centaur warrior
 11863 | D:14     | Noticed a two-headed ogre
 11873 | D:14     | Reached skill level 14 in Axes
 11880 | D:14     | Killed a two-headed ogre
 11921 | D:14     | Noticed a death knight
 11931 | D:14     | Killed a death knight
 11938 | D:14     | Noticed a two-headed ogre
 11950 | D:14     | Killed a two-headed ogre
 11960 | D:14     | Noticed a centaur warrior
 11969 | D:14     | Killed a centaur warrior
 12072 | D:14     | Noticed an ogre mage
 12083 | D:14     | Killed an ogre mage
 12088 | D:14     | Reached XP level 13. HP: 77/116 MP: 17/17
 12228 | D:14     | Reached skill level 15 in Axes
 13354 | D:14     | Found a gate to the Vaults.
 13644 | Lair:1   | Entered Level 1 of the Lair of Beasts
 14545 | Lair:2   | Identified the +7 war axe "No More Talking" {vamp, rPois
                  | rF+ rN+ Int+2}
 14794 | Lair:2   | Reached skill level 16 in Axes
 15010 | Lair:2   | Found a staircase to the Snake Pit.
 15420 | Lair:3   | Reached XP level 14. HP: 126/126 MP: 19/19
 15611 | Lair:3   | Found a staircase to the Shoals.
 17617 | Lair:5   | Entered Level 5 of the Lair of Beasts
 17683 | Lair:5   | Reached skill level 17 in Axes
 17828 | Lair:5   | Reached skill level 10 in Dodging
 17962 | Lair:5   | Found a staircase to the Slime Pits.
 17968 | Lair:5   | Reached ****** piety under Makhleb
 18234 | Lair:5   | Reached skill level 10 in Invocations
 18263 | Lair:5   | Reached XP level 15. HP: 115/135 MP: 21/21
 19059 | Lair:4   | Reached skill level 18 in Axes
 19208 | Orc:1    | Entered Level 1 of the Orcish Mines
 19469 | Orc:1    | Found a bloodstained altar of Trog.
 19471 | Orc:1    | Noticed Rygut's ghost (journeyman DrFi)
 19476 | Orc:1    | Found a transporter.
 19481 | Orc:1    | Found a transporter.
 19798 | Orc:1    | Identified the +1 robe of Watchfulness {rCorr Int+2}
 20053 | Orc:2    | Entered Level 2 of the Orcish Mines
 20179 | Orc:2    | Found Filego's Magic Scroll Shop.
 20211 | Orc:2    | Found Gorroekh's CLEARANCE SALE!.
 20315 | Orc:2    | Found a staircase to the Elven Halls.
 20316 | Orc:2    | Found a frozen archway.
 20354 | Orc:2    | Noticed Rupert
 20359 | Orc:2    | Paralysed by Rupert for 4 turns
 20361 | Orc:2    | Killed Rupert
 20546 | Orc:2    | Found a dark tunnel.
 20929 | Orc:2    | Paralysed by an orc sorcerer for 3 turns
 21292 | Orc:2    | Found Ziyd's Antique Armour Boutique.
 21293 | Orc:2    | Found Rikhlag's Antique Weapon Shop.
 21295 | Orc:2    | Found Buleum's General Store.
 21295 | Orc:2    | Found Goakoerr's Book Boutique.
 21451 | Elf:1    | Entered Level 1 of the Elven Halls
 21826 | Elf:1    | Noticed a deep elf sorcerer
 21839 | Elf:1    | Killed a deep elf sorcerer
 21954 | Elf:1    | Reached XP level 16. HP: 88/146 MP: 23/23
 22423 | Elf:1    | Reached skill level 19 in Axes
 22733 | Elf:1    | Paralysed by an air elemental for 1 turns
 23048 | Elf:1    | Paralysed by an air elemental for 1 turns
 23051 | Elf:1    | Paralysed by an air elemental for 1 turns
 23111 | Elf:1    | Got the Thoughts on Friendly Arcane Weapons
 23809 | Elf:2    | Identified the +0 cloak of Beogh's Generosity {Rampage rC+}
 24310 | Elf:2    | Found a runed translucent gate.
 24310 | Elf:2    | Found a runed translucent gate.
 24310 | Elf:2    | Found a runed translucent gate.
 24384 | Elf:2    | Noticed a deep elf blademaster
 24409 | Elf:2    | Slain by a +0 lajatang of electrocution

Illustrated notes

Levels and vault maps discovered:
D:1:      enne_arrival_octagon_isle, layout_loops_ring,
          nicolae_concentric_dashed_squares_wild
D:2:      layout_basic, serial_bayou_pond_e, uniq_jessica
D:3:      layout_rooms, minmay_misc_feat_ornament
D:4:      layout_cave_pools, minmay_temple_entry_junction, serial_shops,
          nicolae_book_shop_shelving, kennysheep_generic_room_16,
          uniq_eustachio, uniq_menkaure
D:5:      layout_cave_pods
D:6:      cheibrodos_thug_alley, layout_cave_pools, okawaru_ov_weapons_minmay,
          lightli_sewer_entry_pipes
D:7:      layout_rooms, mainiacjoe_overflow_cross_hatched,
          nicolae_gozag_seed_capital, gammafunk_temple_overflow_pools,
          mainiacjoe_overflow_chevrons, nrook_uturn, minmay_misc_feat_doors,
          chequers_serial_rivers_micro_d
D:8:      layout_cave_pools, enter_bailey_2
D:9:      layout_loops_ring, trog_hazing_becter, david_orc_1_choice
D:10:     layout_cave_pools, david_lair_shrubbed
D:11:     layout_basic
D:12:     layout_layer_cave, nicolae_uskayaw_suspiria
D:13:     layout_basic, ashenzari_conservatory_becter
D:14:     layout_roguey, hangedman_vaults_entry_quadrant_bands, eino_jars
Temple:   regret_index_temple_generic_petals
Lair:1:   layout_hall_layers, grunt_megastairs_1
Lair:2:   layout_misc_corridors, minmay_snake_entry_guardpost_small,
          evilmike_ambush [evilmike_ambush_outer_basic,
          evilmike_ambush_inner_basic], lemuel_fruit_fields
Lair:3:   beast_lair_carwin_large_3, layout_small_grid,
          elwin_shoals_entry_rocks, serial_bayou_shore_b
Lair:4:   beast_lair_carwin_large_4, layout_regular_city, lookout_lair_type,
          grunt_megastairs_4, infiniplex_staircase_pool_2
Lair:5:   due_jungle_book, layout_misc_corridors, minmay_slime_entry_pillars,
          serial_bayou_shore_a, grunt_megastairs_2
Orc:1:    layout_caves, basic_altar, gammafunk_ghost_wrathful_warriors,
          hangedman_minor_magic
Orc:2:    st_orc_congregation, layout_diamond_mine,
          portal_ice_cave_entry_pillars_2, basic_altar,
          nicolae_volcano_entry_two_sided, serial_shops, shop,
          nicolae_shop_clearance, uniq_rupert
Elf:1:    eino_elf_arrival_sip, layout_loops_corners, minmay_elf_sorcery
Elf:2:    nicolae_elf_blades_crystal_corner, layout_loops_corners,
          serial_sigils, serial_sigils_hangedman_gut,
          serial_sigils_hangedman_etch, serial_sigils_hangedman_confine,
          serial_sigils_hangedman_shear

Skill      XL: |  1  2  3  4  5  6  7  8  9 10 11 12 13 14 15 16 |
---------------+-------------------------------------------------+-----
Axes           | 3 4 5 6 7 8 10 11 13 14 16 17 18 19 | 19.9
Fighting       | 4 5 6 7 8 9 10 11 12 13 14 | 14.8
Shields        | 4 5 6 7 9 10 11 12 13 14 | 14.7
Armour         | 4 5 6 7 8 9 10 11 12 13 14 | 14.8
Invocations    | 1 2 4 5 6 7 9 10 11 | 11.5
Dodging        | 3 4 6 7 9 10 11 12 | 12.1

Action                     |  1- 3 |  4- 6 |  7- 9 | 10-12 | 13-15 | 16-18 || total
---------------------------+-------+-------+-------+-------+-------+-------++-------
  Melee: War axe           |    91 |   100 |   184 |       |   941 |   245 ||  1561
         Headbutt          |    11 |    15 |    51 |    83 |   335 |    58 ||   553
         Broad axe         |       |       |    90 |   380 |   181 |       ||   651
 Invoke: Lesser Servant of |       |       |       |     5 |     1 |     1 ||     7
         Greater Servant o |       |       |       |     2 |    20 |     5 ||    27
         Major Destruction |       |       |       |     6 |    11 |       ||    17
         Minor Destruction |       |       |       |     4 |       |       ||     4
  Evoke: Wand              |       |       |       |       |    26 |     2 ||    28
    Use: Scroll            |     2 |     3 |     8 |     7 |    13 |     6 ||    39
         Potion            |     1 |       |       |     4 |     1 |       ||     6
   Stab: Distracted        |       |       |       |       |    13 |       ||    13
 Armour: Scale mail        |    34 |    20 |       |       |       |       ||    54
         Chain mail        |       |    16 |    80 |    10 |       |       ||   106
         Plate armour      |       |       |       |   104 |   264 |    75 ||   443
  Dodge: Dodged            |    51 |    75 |   118 |   151 |   406 |    86 ||   887
  Block: Buckler           |    19 |    31 |   112 |   205 |   254 |       ||   621
         Reflection        |       |       |    17 |    23 |    20 |    30 ||    90
         Kite shield       |       |       |       |       |   522 |   173 ||   695
